[Event "26th Triest Festival 2024"]
[Site "Triest"]
[Date "2024.09.02"]
[Round "2.1"]
[White "Gong, Qianyun"]
[Black "Bosiocic, Marin"]
[Result "0-1"]
[Annotator "TA"]
[ECO "C41"]
[WhiteElo "2250"]
[BlackElo "2555"]
[PlyCount "114"]
[EventDate "2024.09.02"]
[EventType "swiss"]
[EventCountry "ITA"]
[SourceTitle "playchess.com"]
[Source "ChessBase"]
[SourceQuality "1"]
[TimeControl "5400+30"]

1. e4 e5 2. Nf3 d6 3. d4 exd4 4. Nxd4 Nf6 5. Nc3 Be7 6. Be2 O-O 7. O-O Re8 8. f4 Bf8 9. Bf3 c5 10. Nde2 Nc6 11. h3 Bd7 12. Be3 b5 13. e5 (13. Nxb5 Nxe4 14. Na3 Rb8 $17) 13... dxe5 14. fxe5 Nxe5 15. Bxa8 Qxa8 16. Bg5 Ne4 17. Nxe4 Qxe4 18. Ng3 Qg6 19. Bf4 Bc6 20. Rf2 c4 21. Kh2 Bc5 22. Re2 f6 23. Rd2 Bb6 24. Qh5 (24. a4 $11) 24... Qxh5 25. Nxh5 c3 $1 26. bxc3 (26. Rd6 $17 {was called for.} cxb2 27. Rb1) 26... Nc4 $19 27. Rd3 Kf7 $1 (27... Re2 28. Rg3 g6 29. Nxf6+ Kg7 30. Ng4 $15) 28. Rad1 g6 (28... Nb2 29. Rd7+ Bxd7 30. Rxd7+ Re7 31. Rxe7+ Kxe7 32. Nxg7 $11) 29. Ng3 g5 30. Bc1 Kg6 31. Rf1 Re6 (31... Re5 $17 32. Rdd1 Bc7) 32. h4 $1 $15 Bc7 33. Kh1 $2 (33. hxg5 fxg5 34. Kh3 Bd6 35. Rxd6 Nxd6 $17 (35... Rxd6 36. Nf5 $17)) (33. h5+ $11 Kg7 34. Kh3) 33... h5 $1 $17 34. Kg1 Ne5 (34... gxh4 35. Nf5 $17) 35. Rd2 b4 (35... gxh4 36. Nf5 $11) (35... Bb6+ $17 36. Kh1 gxh4) 36. cxb4 $11 Bb5 37. hxg5 $2 {[%emt 0:02:02][%mdl 8192] [#]} (37. Ne2 $11 {and White stays safe.}) 37... Ng4 $2 (37... Bb6+ $1 $19 {and Black stays clearly on top.} 38. Kh2 Bxf1 39. Nxf1 Ng4+ (39... Kxg5 $2 40. Rd6+ Kg6 41. Rxe6 $18) (39... fxg5 40. Rd5 $17) 40. Kh3 Re1 (40... fxg5 $2 41. Rd5 $19)) 38. Nf5 $2 (38. c4 $2 Bxc4 $19) (38. Ne2 $17 {might work better.} Rxe2 (38... Bxe2 39. Re1 $15) 39. Rxe2 Bxe2 40. Re1) 38... Bb6+ $2 ({Weaker is} 38... Bxf1 39. Nh4+ Kf7 (39... Kxg5 40. Rd3+ Bf4 41. Bxf4+ Kxf4 42. g3+ Ke4 43. Kxf1 $11) 40. Kxf1 Ne3+ (40... Nh2+ 41. Kg1 $16) 41. Kg1 $11) (38... Bh2+ $19 39. Kh1 Bxf1 40. Nh4+ Kf7 (40... Kxg5 $2 41. Rd3+ Bf4 42. Rd5+ Kxh4 43. Bxf4 $19) 41. g6+ Ke8) 39. Nd4 $11 fxg5 40. Rdd1 Bxf1 41. Kxf1 Rf6+ (41... Rd6 $5 42. c3 $8 Rf6+ 43. Ke1 Nf2 $11) 42. Kg1 (42. Nf3 $11) 42... Rc6 (42... Nf2 $5 43. Rd2 h4 $15) 43. Rd2 (43. Kf1 $11 Bxd4 44. Rxd4) 43... Rc4 44. Bb2 Rxb4 45. c3 Ra4 46. Ba1 (46. Bc1 $142) 46... Rc4 47. g3 (47. Bb2 $17) 47... Rc5 48. Re2 Ne5 49. Kg2 {[%emt 0:00:10] [#]} Nc4 $1 50. Re6+ Kf7 51. Re2 g4 52. Ne6 $2 (52. Kg1 $17) 52... Rb5 $19 53. Nd4 Rb1 54. Nc2 Rg1+ 55. Kh2 Rd1 56. a4 Nd2 57. Kg2 Nf3 (57... Rg1+ $142 58. Kh2 Nf3#) 0-1

[Event "26th Triest Festival 2024"]
[Site "Triest"]
[Date "2024.09.02"]
[Round "2.2"]
[White "Baklan, Vladimir"]
[Black "Chia, Yu Zhe Ashton"]
[Result "1-0"]
[Annotator "TA"]
[ECO "C70"]
[WhiteElo "2535"]
[BlackElo "2224"]
[PlyCount "85"]
[EventDate "2024.09.02"]
[EventType "swiss"]
[EventCountry "ITA"]
[SourceTitle "playchess.com"]
[Source "ChessBase"]
[SourceQuality "1"]
[TimeControl "5400+30"]

1. e4 e5 2. Nf3 Nc6 3. Bb5 a6 4. Ba4 f5 5. d4 exd4 6. e5 (6. Nxd4 Nxd4 7. Qxd4 c5 8. Qe5+ Qe7 9. Qxe7+ (9. Qxf5 b5 $17) 9... Bxe7 $11) (6. exf5 Qe7+ 7. Kf1 b5 $11) 6... b5 7. Bb3 Na5 8. Nxd4 {[%emt 0:06:49] Black must now prevent 0-0. White is slightly better.} Bb7 9. Nxf5 {[%emt 0:03:15][%cal Bd4f5,Bf5e3,Be3g4][%mdl 32] White is more active.} Nxb3 10. axb3 d6 $1 11. O-O {[%emt 0:06:05] Strongly threatening exd6.} dxe5 12. Qe2 Qf6 13. Ne3 $132 {[%emt 0:00:27][%mdl 2048] White puts up resistance} O-O-O 14. c4 b4 {[%emt 0:05:57] Prevents Nc3.} 15. Nd2 Qc6 (15... Ne7 $11) 16. Nf3 $1 $14 Qe4 17. Ng5 Qg6 18. Ng4 Bd6 {[%emt 0:07:21] [#] This move loses the game for Black.} (18... Qc6 $16 {might work better.} 19. f3 Nf6) 19. c5 $1 $18 (19. Nxe5 $6 Bxe5 20. Qxe5 Rd7 $14) 19... Bxc5 20. Nxe5 (20. Qxe5 Bd6 21. Qe6+ Qxe6 22. Nxe6 Rd7 $16) 20... Qf5 21. Nef7 {[%emt 0:01:48][%cal Of7d8] Repels Nh6. And now Nxd8! would win. A dynamic duo of knights.} Nh6 22. Nxd8 Rxd8 23. Qe6+ Kb8 {[%emt 0:00:05] [#]} 24. Qxf5 Nxf5 25. Ne6 $1 (25. Nxh7 Bb6 $16) 25... Rd5 26. Nxc5 Rxc5 27. Rd1 {[%emt 0:01:14] Repels Nd4} Bd5 28. g4 ({But not} 28. Rxa6 $6 Bxb3 29. Re1 Kb7) 28... Nh4 29. Be3 Rb5 30. Rxa6 Nf3+ 31. Kg2 {[%emt 0:01:07][%cal Od1d5] Hoping for Rxd5!} Nd4+ 32. Kg3 Kb7 {[%emt 0:00:11] Threatens to win with ...Ne2+.} 33. Rda1 Nxb3 34. Ra7+ Kb8 35. Re1 Nd2 {[%emt 0:05:09] [#]} 36. f3 $1 {[%emt 0:01:56] Inhibits Ne4+.} Nc4 (36... Nb3 37. Bf2) 37. Bd4 Nd6 {[%emt 0:00:08] Wards off Re8+} 38. Raa1 ({Don't do} 38. Re7 Nc8 $18) 38... h5 39. h3 ({And not} 39. gxh5 Nf5+ 40. Kf2 Nxd4 $17) 39... h4+ 40. Kf2 {[%emt 0:00:22] White is clearly winning.} Nc4 41. Bxg7 Bc6 42. Rac1 Na5 43. Re7 {[%emt 0:00:24] Weighted Error Value: White=0.10 (very precise) /Black=0.22 (precise) .  Mistake:       	---       	Black=2      Inaccurate:     	White=3     	Black=1      OK:         	White=22    	Black=15     Best:        	White=2     	Black=1      Strong:       	White=3     	Black=1} 1-0

[Event "26th Triest Festival 2024"]
[Site "Triest"]
[Date "2024.09.02"]
[Round "2.3"]
[White "Skrbec, Leon"]
[Black "Tiviakov, Sergei"]
[Result "0-1"]
[Annotator "RC"]
[ECO "D03"]
[WhiteElo "2278"]
[BlackElo "2531"]
[PlyCount "144"]
[EventDate "2024.09.02"]
[EventType "swiss"]
[EventCountry "ITA"]
[SourceTitle "playchess.com"]
[Source "ChessBase"]
[SourceQuality "1"]
[TimeControl "5400+30"]

1. d4 Nf6 2. Bg5 d5 3. Nd2 Nbd7 4. Ngf3 e6 5. e3 c5 6. c3 Be7 7. Bd3 Qc7 8. O-O O-O 9. Qe2 b6 10. Bf4 Bd6 11. Bxd6 Qxd6 12. e4 dxe4 13. Nxe4 Qe7 14. Rfe1 Bb7 15. dxc5 Nxc5 16. Nxc5 Bxf3 17. Qxf3 bxc5 18. Rad1 Rab8 19. b3 Rfd8 20. h3 g6 21. Bc4 Nd7 22. Bf1 Nb6 23. g3 Kg7 24. Qf4 Rbc8 25. Bg2 Qf6 26. Qxf6+ Kxf6 27. Bb7 Rb8 28. Bf3 c4 29. Be2 Rxd1 30. Bxd1 Rc8 31. Re3 Nd5 32. Rf3+ Ke7 33. bxc4 Nb6 34. Kf1 Nxc4 35. Ke2 Rb8 36. Bb3 Na5 37. c4 Nb7 38. Kd3 e5 39. Re3 f6 40. Kc3 Nc5 41. Bc2 Ne6 42. h4 Kd6 43. g4 Nf4 44. Re1 Rb7 45. Be4 Rc7 46. Rd1+ Ke6 47. Bd5+ Ke7 48. Be4 Ne2+ 49. Kd3 Nf4+ 50. Kc3 h5 51. gxh5 f5 52. Bd5 Nxh5 53. Kb4 Nf4 54. f3 Kf6 55. c5 Ng2 56. Rd2 Nxh4 57. c6 Nxf3 58. Bxf3 e4 59. Bxe4 fxe4 60. Kc5 Rc8 61. Rd6+ Kf5 62. Rd7 g5 63. c7 e3 64. Re7 g4 65. Kc6 Kf4 66. a4 g3 67. a5 g2 68. Rf7+ Ke5 69. Rg7 e2 70. Kd7 Rxc7+ 71. Kxc7 Kf6 72. Rxg2 e1=Q 0-1

[Event "26th Triest Festival 2024"]
[Site "Triest"]
[Date "2024.09.02"]
[Round "2.4"]
[White "Valsecchi, Alessio"]
[Black "Leszko, Bence"]
[Result "0-1"]
[Annotator "RC"]
[ECO "B22"]
[WhiteElo "2475"]
[BlackElo "2243"]
[PlyCount "56"]
[EventDate "2024.09.02"]
[EventType "swiss"]
[EventCountry "ITA"]
[SourceTitle "playchess.com"]
[Source "ChessBase"]
[SourceQuality "1"]
[TimeControl "5400+30"]

1. e4 c5 2. Nf3 e6 3. c3 Nf6 4. e5 Nd5 5. Na3 d6 6. Bb5+ Bd7 7. O-O Bxb5 8. Nxb5 a6 9. Nxd6+ Bxd6 10. exd6 Qxd6 11. d4 cxd4 12. Qxd4 Nc6 13. Qxg7 O-O-O 14. Qg3 e5 15. c4 Nde7 16. Bg5 f6 17. Qh3+ Kb8 18. c5 Qd3 19. Bxf6 Rhg8 20. Rae1 Nd5 21. Bg5 Nd4 22. Rxe5 Nf4 23. Qg3 Nxf3+ 24. Qxf3 Qxf3 25. gxf3 Nh3+ 26. Kh1 Nxg5 27. f4 Nh3 28. Re2 Rg7 0-1

[Event "26th Triest Festival 2024"]
[Site "Triest"]
[Date "2024.09.02"]
[Round "2.5"]
[White "Joly, Julien"]
[Black "Barp, Alberto"]
[Result "0-1"]
[Annotator "TA"]
[ECO "D02"]
[WhiteElo "2204"]
[BlackElo "2431"]
[PlyCount "131"]
[EventDate "2024.09.02"]
[EventType "swiss"]
[EventCountry "ITA"]
[SourceTitle "playchess.com"]
[Source "ChessBase"]
[SourceQuality "1"]
[TimeControl "5400+30"]

1. d4 Nf6 2. Bf4 e6 3. e3 c5 4. Nd2 Nc6 5. c3 d5 6. Ngf3 cxd4 7. exd4 Nh5 8. Be3 Bd6 {[%emt 0:00:06] [#]} 9. Ne5 $1 {[%emt 0:00:04] The position is equal.} Nf6 (9... g6 10. Qa4) 10. Bf4 Qc7 11. Bb5 O-O 12. Qe2 Nd7 13. Nxd7 Bxd7 14. Bxd6 Qxd6 15. O-O a6 16. Bd3 e5 17. dxe5 Nxe5 18. Qe3 Rfe8 19. Qd4 Qh6 20. Rfd1 Nxd3 21. Qxd3 Bb5 22. Qd4 Re2 23. a4 Bc6 24. h3 Rae8 25. b4 Qg6 26. a5 (26. Nf3 $11) 26... h6 (26... R8e3 $1 $17 {[%cal Re3d3] ...Rd3 would now be deadly.} 27. Nf1 Rf3 (27... Rxh3 $2 28. Re1 $19)) 27. Qg4 (27. Nf3 $11 {remains equal.}) 27... Qf6 $17 28. Qd4 Qxd4 29. cxd4 Bb5 30. Nf1 Rb2 {[%emt 0:01:47] Black has more active pieces.} (30... R8e6 $1 $15 31. Ng3 Rb2) 31. Ne3 $11 Rxb4 32. Nxd5 Rb2 33. Ne3 f5 34. g3 f4 35. gxf4 Re4 $36 {[%emt 0:00:08][%mdl 2048] Black has some pressure.} 36. f5 Rf4 37. d5 $1 Rfxf2 38. d6 $2 (38. Rab1 $1 $11 {and White is okay.}) 38... Rfe2 (38... Rf3 $19 {( -> ...Rg3+)} 39. Nf1 Rxf5 (39... Rxh3 40. d7 $11)) 39. Re1 Rxe1+ 40. Rxe1 $17 {[%emt 0:00:01][%cal Oe3c4][%mdl 4096] Endgame. KRB-KRN} Rd2 41. Rd1 (41. Rc1 $17 {is a better defense.}) 41... Rxd1+ $19 42. Nxd1 {[%emt 0:00:09] KB-KN} Kf7 {[%emt 0:00:15] [#] Strongly threatening ...Kf6.} 43. Nc3 Bc6 {[%emt 0:00:07] Against Ne4. White must now prevent ...Kf6.} 44. Ne2 Ke8 {[%emt 0:01:54] And now ...Kd7 would win.} 45. Nf4 $2 (45. Kf2 {is a better chance.}) 45... Kd7 46. Nh5 Kxd6 47. Nxg7 Ke5 48. Kf2 Kf6 49. Ne6 Kxf5 50. Nd4+ (50. Ng7+ Kg5 51. Ne6+ Kh4 52. Nf4) 50... Ke4 51. Ne6 Ke5 52. Ng7 (52. Nd8 $142 Kf6 53. Kg3) 52... Be4 53. Nh5 Bg6 54. Ng3 Kd4 55. h4 Kc5 56. h5 Bf7 57. Nf5 Bxh5 58. Nxh6 Kb4 59. Ke3 Kxa5 60. Kd3 Kb4 61. Kc2 Ka3 ({Weaker is} 61... Bg6+ 62. Kb2 $17) 62. Kb1 b5 (62... Bg6+ 63. Ka1 b5 64. Nf5 $19) 63. Nf5 b4 $2 (63... Kb3 {mates} 64. Ng7 Bg4 (64... Bg6+ $2 65. Ka1 $19) 65. Ne8 b4 (65... Bf5+ $2 66. Ka1 $19) 66. Nf6 Bf5+ 67. Kc1 Ka3 (67... a5 $2 68. Nd5 $19) 68. Nd5 b3 69. Kd1 b2 70. Nc3 Kb4 (70... b1=R+ {gets mated.} 71. Ke2 Kb3 72. Nd5 a5 73. Ne3 Rb2+ 74. Kf3 Bd3 75. Kf4 a4 76. Ng4 a3 77. Ne5 Be2 78. Nc6 a2 79. Nd4+ Kc3 80. Nf5 a1=Q 81. Ng3 Qg1 82. Ne4+ Kd3 83. Kf5 Rb6 84. Nd6 Rxd6 85. Ke5 Qd4+ 86. Kf5 Qf6#) 71. Kd2 Kb3 (71... b1=B $2 72. Nd5+ Kc4 73. Nc7 $19) 72. Ne2 b1=Q (72... b1=B 73. Nd4+ Kb2 74. Ke3 $19) 73. Ke3 Qe4+ 74. Kf2 Bg4 (74... Qh4+ {leads to mate.} 75. Ng3 Bg4 76. Kg2 Kc3 77. Kf1 Qh3+ 78. Kf2 Qh2+ 79. Ke1 Qd2+ 80. Kf1 Bh3+ 81. Kg1 Qg2#) (74... Kc2 75. Ng3 Qf4+ 76. Kg2 Bg4 77. Nf1 Qf3+ 78. Kg1 Bh3 79. Ne3+ Qxe3+ 80. Kh2 Qf3 81. Kg1 Qg2#) 75. Ng1 Qf4+ 76. Ke1 Qd4 77. Kf1 Qd2 78. Ne2 Qxe2+ 79. Kg1 Bh3 80. Kh1 Qg2#) 64. Nd4 {[%emt 0:00:59] Black is clearly better.} a5 65. Ka1 Bd1 66. Nc2+ $2 {[%emt 0:00:00] Weighted Error Value: White=0.58/Black=0.30.  Loses game:     	White=1     	---        Mistake:       	White=6     	Black=3      Inaccurate:     	White=2     	Black=1      OK:         	White=15    	Black=25     Best:        	White=5     	Black=5      Strong:       	White=1     	---} (66. Kb1 Bh5 67. Ka1) 0-1

[Event "26th Triest Festival 2024"]
[Site "Triest"]
[Date "2024.09.02"]
[Round "2.6"]
[White "Doric, Darko"]
[Black "Maldonado Gonzales, Stefano"]
[Result "1-0"]
[Annotator "TA"]
[ECO "A15"]
[WhiteElo "2443"]
[BlackElo "2187"]
[PlyCount "67"]
[EventDate "2024.09.02"]
[EventType "swiss"]
[EventCountry "ITA"]
[SourceTitle "playchess.com"]
[Source "ChessBase"]
[SourceQuality "1"]
[TimeControl "5400+30"]

1. Nf3 Nf6 2. g3 b6 3. Bg2 Bb7 4. c4 g6 5. b3 Bg7 6. Bb2 O-O 7. O-O e6 8. d4 d6 9. Nbd2 c5 10. Qc2 {[%emt 0:03:49] The position is equal.} Nc6 11. Rad1 Qe7 12. e3 Rfd8 13. Qb1 cxd4 14. Nxd4 Nxd4 15. Bxd4 Bxg2 16. Kxg2 d5 17. Bxf6 Bxf6 18. cxd5 Rxd5 19. Nf3 Rc5 20. Rc1 Rac8 21. Rfd1 a5 22. Rxc5 Qxc5 23. Rd2 Qc6 24. Qd1 Kg7 25. Rd7 Qc2 26. Qd6 (26. Qxc2 {simplifies} Rxc2 27. a4 g5 28. h3) 26... Rc6 {[%emt 0:03:34] [#]} (26... Qc6 $1 $11) 27. Qb8 $1 $40 {[%emt 0:03:51][%mdl 128] White is out for blood.} Rc8 28. Qxb6 Qf5 {[%emt 0:02:27] [#] A mistake that costs the game.} (28... Qc6 $16 {is a better defense.} 29. Qa7 (29. Qxa5 $2 {too greedy.} Qxd7 30. g4 Qd5 $19) 29... Rf8) 29. Rxf7+ $3 $18 Kxf7 30. Qb7+ Be7 31. Qxc8 Qd5 32. Qc4 Qxc4 33. bxc4 (33. Ne5+ Kf6 34. Nxc4 Bb4 $18) 33... Bf6 34. Ne1 {[%emt 0:01:46] Weighted Error Value: White=0.09 (flawless) /Black=0.25 (precise) .  Loses game:     	---       	Black=1      Mistake:       	---       	Black=1      Inaccurate:     	White=2     	Black=2      OK:         	White=11    	Black=7} 1-0

[Event "26th Triest Festival 2024"]
[Site "Triest"]
[Date "2024.09.02"]
[Round "2.7"]
[White "Schlegel, Igor"]
[Black "Lumachi, Gabriele"]
[Result "1-0"]
[Annotator "TA"]
[ECO "B12"]
[WhiteElo "2212"]
[BlackElo "2440"]
[PlyCount "79"]
[EventDate "2024.09.02"]
[EventType "swiss"]
[EventCountry "ITA"]
[SourceTitle "playchess.com"]
[Source "ChessBase"]
[SourceQuality "1"]
[TimeControl "5400+30"]

1. e4 c6 2. d4 d5 3. e5 Bf5 4. Nf3 e6 5. Be2 Nd7 6. O-O a5 7. a4 f6 8. Nbd2 Nh6 {[%emt 0:00:07] White has an edge.} 9. Re1 fxe5 10. dxe5 Bc5 11. Nb3 Ba7 {[%emt 0:00:09] [#]} (11... O-O $14) 12. Nfd4 $1 $16 O-O 13. Bxh6 gxh6 14. Bg4 Be4 ({Better is} 14... Bxg4 15. Qxg4+ Kh8 16. Qxe6 (16. Nxe6 Bxf2+ 17. Kh1 Rg8 $16) 16... Nc5 17. Nxc5 (17. Qxh6 Nxb3 18. Ne6 Bxf2+ 19. Kh1 Qe7 $17) 17... Bxc5) 15. Bxe6+ (15. Nxe6 Rxf2 (15... Bxf2+ 16. Kh1 $11) 16. Rxe4 Rd2+ 17. Kh1 Rxd1+ 18. Rxd1 Qe7 $17) 15... Kh8 16. f3 {[%emt 0:10:28] Active counter play!} Bg6 17. Kh1 Qe7 18. Qd2 (18. Nxa5 Bxd4 19. Qxd4 Qxe6 (19... Rxa5 20. Bxd7 Qxd7 21. e6+ Qg7 22. e7 $11) 20. Nxb7 Rfb8 $17 (20... Bxc2 21. a5 $11)) 18... Nb6 19. Bh3 (19. Nxa5 $6 Nc4 (19... c5 20. Ndb3 $15) 20. Nxc4 (20. Qxh6 $2 Nxa5 21. Ne2 Qxe6 $19) 20... dxc4 $14) 19... Nc4 20. Qc3 (20. Qxh6 $18 Qf7 21. Ne6) 20... Qb4 21. Qxb4 axb4 22. e6 {[%emt 0:00:11] Strongly threatening e7.} (22. a5 {simplifies} Bxd4 23. Nxd4 Rxa5 24. Rxa5 Nxa5 25. Bd7) 22... Rae8 23. a5 {[%emt 0:00:43] a6 would now be deadly.} c5 $2 {[%emt 0:01:39] This move loses the game for Black.} (23... Bxd4 $16 24. Nxd4 Re7) 24. Nb5 $18 Bxc2 25. Nxa7 Bxb3 26. e7 d4 $2 (26... Rg8 27. Bd7 d4) 27. exf8=Q+ Rxf8 28. Be6 d3 29. Re4 Nd2 {[%emt 0:01:44] [#]} 30. Bxb3 $1 Nxe4 (30... Nxb3 31. Rd1) 31. fxe4 Rf2 32. e5 Rxb2 {[%emt 0:00:20] [#]} 33. e6 $1 Re2 34. Kg1 {[%emt 0:00:39] Nc8 is the strong threat.} d2 35. Kf1 Re3 {[%emt 0:00:11] [#]} 36. Rd1 $1 Rxb3 (36... Kg7 37. Bd5) 37. Rxd2 (37. Ke2 $142 Kg7 38. e7 (38. Kxd2 Kf6 $18) 38... c4 39. e8=Q (39. e8=R Rb2 $18) 39... Ra3 40. Qe7+ (40. Kxd2 Rd3+ 41. Ke2 Rxd1 $18) 40... Kg6 41. Rxd2 (41. Qxb4 Rb3 42. Qxc4 Rb2 43. Qg4+ Kf7 44. Rf1+ Ke7 45. Qe4+ Kd6 46. Rf6+ Kc5 47. Rf5+ Kd6 48. Rd5+ Kc7 49. Qf4#) 41... Rd3 42. Rxd3 (42. Qxb4 Rxd2+ 43. Kxd2 h5 44. Qd6+ Kf5 45. Qd5+ Kg6 46. Qe6+ Kg7) 42... cxd3+ 43. Kd2 (43. Kxd3 b3 44. Qxb7 h5 45. a6 b2 46. Qxb2 h4 47. Nc8 h6)) 37... Kg7 38. Re2 {[%emt 0:00:27] White mates.} Kf8 39. e7+ Ke8 40. Nb5 {[%emt 0:00:03] Weighted Error Value: White=0.20 (precise) /Black=0.49.  Loses game:     	---       	Black=1      Mistake:       	White=1     	Black=3      Inaccurate:     	---       	Black=1      OK:         	White=7     	Black=10     Best:        	White=5     	Black=1      Strong:       	White=1     	---} 1-0

[Event "26th Triest Festival 2024"]
[Site "Triest"]
[Date "2024.09.02"]
[Round "2.8"]
[White "Zhou, Yang-Fan"]
[Black "Sepehrkhoui, Ardeshir"]
[Result "1-0"]
[Annotator "TA"]
[ECO "C43"]
[WhiteElo "2437"]
[BlackElo "2209"]
[PlyCount "70"]
[EventDate "2024.09.02"]
[EventType "swiss"]
[EventCountry "ITA"]
[SourceTitle "playchess.com"]
[Source "ChessBase"]
[SourceQuality "1"]
[TimeControl "5400+30"]

1. e4 e5 2. Nf3 Nf6 3. d4 Nxe4 4. Bd3 Nc6 5. dxe5 d5 6. exd6 Nxd6 7. Nc3 Bg4 8. h3 Bh5 9. Be3 {[%emt 0:02:37] White is slightly better.} Ne5 10. g4 Nxd3+ 11. Qxd3 Bg6 12. Qe2 {[%emt 0:00:01][%cal Oe1c1] White is much more active. The black rooks are passive.} Be7 13. O-O-O Qd7 14. Nd5 (14. Ne5 $16 Qe6 15. f4) 14... O-O-O $14 {[%emt 0:09:21] Black is weak on the dark squares} 15. Bxa7 Rhe8 {[%emt 0:01:57][%cal Od7a4] [#] ...Qa4! is the strong threat.} 16. Be3 $36 {[%emt 0:23:07][%mdl 2048] Black is under pressure.} Bf8 $1 17. Nc3 {[%emt 0:01:52] Prevents Qb5.} f5 18. Rd4 Qc6 (18... f4 $1 $11 {keeps the balance.} 19. Rxf4 Ne4 20. Nxe4 Bxe4) 19. Rhd1 $16 fxg4 20. hxg4 h6 (20... Bf7 $142) 21. Ra4 {[%emt 0:18:33] [#] And now Nd4 would win.} Kb8 $2 (21... b5 $16 22. Nd4 Qb7 23. Ncxb5 (23. Ndxb5 Nxb5 24. Nxb5 Rxd1+ 25. Kxd1 Bc5 $16) 23... Nxb5 24. Qxb5 Re4) 22. Nd4 $18 Qg2 (22... Qd7 $142 23. Nf3 Qc6) 23. Nb3 $2 {[%emt 0:05:38] Excellent horsemanship.} ({White has to play} 23. Ne6 $18) 23... Nc8 $1 $14 24. Rad4 Rxd4 25. Nxd4 (25. Rxd4 Bd6 $11) 25... Bc5 26. Qc4 Rxe3 27. Qxc5 $16 Qxf2 (27... Re7 $16) 28. Nd5 $1 $18 Qg3 29. Nxe3 Qxe3+ 30. Kb1 Qe4 {[%emt 0:00:35] Dodges Nc6+} 31. g5 ({Don't take} 31. Nb5 c6) 31... h5 32. Nb5 Qf4 (32... c6 {was worth a try.}) 33. b3 b6 $2 (33... Be8 34. a4 b6) 34. Qc6 Be4 35. Qc4 Qf5 {[%emt 0:01:03] Weighted Error Value: White=0.38/Black=0.49.  Loses game:     	---       	Black=2      Missed win:     	White=1     	---        Mistake:       	White=1     	Black=6      Inaccurate:     	White=4     	Black=2      OK:         	White=7     	Black=11     Best:        	White=6     	---        Strong:       	---       	Black=2} 1-0

[Event "26th Triest Festival 2024"]
[Site "Triest"]
[Date "2024.09.02"]
[Round "2.9"]
[White "Djuric, Stefan"]
[Black "Wong, Zhenyong Jayden"]
[Result "1/2-1/2"]
[Annotator "TA"]
[ECO "E54"]
[WhiteElo "2208"]
[BlackElo "2397"]
[PlyCount "83"]
[EventDate "2024.09.02"]
[EventType "swiss"]
[EventCountry "ITA"]
[SourceTitle "playchess.com"]
[Source "ChessBase"]
[SourceQuality "1"]
[TimeControl "5400+30"]

1. d4 Nf6 2. c4 e6 3. Nc3 Bb4 4. e3 O-O 5. Bd3 d5 6. Nf3 dxc4 7. Bxc4 c5 8. O-O Nc6 9. h3 cxd4 10. exd4 b6 11. Bg5 Bb7 12. Rc1 Rc8 13. a3 Be7 14. Ba2 Nd5 15. Bxd5 {[%emt 0:11:01] [#] And now Bxe7 would win.} Bxg5 16. Nxg5 Qxg5 17. Bxc6 Bxc6 18. Qg4 Qxg4 (18... Qd2 {is interesting.} 19. Rb1 Rfd8 20. Rfd1 Qc2) 19. hxg4 Rfd8 20. Rfd1 Kf8 21. f3 Rd7 22. Kf2 Rcd8 23. Ke3 h6 24. b4 Ke7 25. b5 Bb7 26. Ne4 e5 27. Rc4 g6 28. Nf2 f5 29. gxf5 gxf5 30. Rh1 Rxd4 31. Rc7+ (31. Rxd4 {simplifies} Rxd4 32. Rxh6 Bd5 33. Rh7+) 31... R8d7 32. Rxd7+ Kxd7 33. Rxh6 $15 {[%emt 0:03:07][%mdl 4096] Endgame. KRB-KRN} Bd5 34. Rh7+ {[%emt 0:00:47] The position is equal.} Kd6 35. Rxa7 Bc4 {[%emt 0:04:42][%csl Gd4,Ge5][%cal Rf5f4] [#]} 36. g3 Bxb5 37. f4 Rc4 38. fxe5+ Kxe5 39. Kd2 {[%emt 0:00:45] Inhibits Rc3.} Rd4+ 40. Ke3 Rc4 41. Kd2 {[%emt 0:00:07] Inhibits Rc3.} Rd4+ 42. Ke3 {[%emt 0:00:01] Weighted Error Value: White=0.07 (flawless) /Black=0.06 (flawless) .  Inaccurate:     	White=3     	Black=3      OK:         	White=19    	Black=12} 1/2-1/2

[Event "26th Triest Festival 2024"]
[Site "Triest"]
[Date "2024.09.02"]
[Round "2.10"]
[White "Motola, Jacopo"]
[Black "Schnaider, Ilan"]
[Result "1/2-1/2"]
[Annotator "TA"]
[ECO "D10"]
[WhiteElo "2207"]
[BlackElo "2409"]
[PlyCount "44"]
[EventDate "2024.09.02"]
[EventType "swiss"]
[EventCountry "ITA"]
[SourceTitle "playchess.com"]
[Source "ChessBase"]
[SourceQuality "1"]
[TimeControl "5400+30"]

1. d4 d5 2. c4 c6 3. Nc3 Nf6 4. e3 Bf5 5. cxd5 cxd5 6. Qb3 Nc6 7. Qxb7 Bd7 {[%emt 0:00:12] [#] aiming for ...Rb8.} 8. Qb3 Rb8 {[%emt 0:00:05] White is slightly better.} 9. Qd1 e5 10. Nf3 Bd6 11. dxe5 Nxe5 12. Be2 (12. Nxd5 Nxf3+ 13. gxf3 O-O $11) 12... Qc7 13. h3 O-O 14. O-O (14. Nxd5 $2 Nxd5 15. Qxd5 Bc6 $17) 14... Nxf3+ 15. Bxf3 Rfd8 16. Ne2 (16. Bxd5 Bc6 17. Bxc6 (17. e4 Nxe4 18. Nxe4 Bh2+ 19. Kh1 Rxd5 $15) 17... Bh2+ 18. Kh1 Rxd1 (18... Qxc6 19. Qf3 $16) 19. Rxd1 Bg3 $16) 16... Bh2+ 17. Kh1 {[%emt 0:00:00][%cal Og2g3] next g3! is good for White.} Be5 18. Nd4 Ne4 19. b3 Bxd4 (19... Rb6 $11 {was preferrable.} 20. Bb2 Re8) 20. Qxd4 $14 {[%emt 0:00:00][%cal Oc1b2] Threatens to win with Bb2!} Bb5 {[%emt 0:00:05] [#]} 21. Bb2 $1 f6 22. Bxe4 ({Much worse is} 22. Rac1 Qe7 $11) 22... dxe4 {[%emt 0:05:22] Weighted Error Value: White=0.02 (flawless) /Black=0.05 (flawless) .  Mistake:       	---       	Black=1      Inaccurate:     	White=1     	---        OK:         	White=7     	Black=7      Best:        	White=1     	Black=3      Strong:       	White=1     	---} 1/2-1/2